 Dungeon Sprint DCSS version 0.14-a0-2723-gdc5d926 (webtiles) character file.

263 BluebellGnoll the Unseen (level 5, -9/24 HPs)
             Began as a Spriggan Enchanter on Feb 19, 2014.
             Was an Initiate of Vehumet.
             Mangled by a hill giant
             ... wielding a +0,+0 giant club
              (33 damage)
             ... in the Dungeon (Sprint IX: "|||||||||||||||||||||||||||||").
             The game lasted 00:03:21 (783 turns).

BluebellGnoll the Unseen (Spriggan Enchanter)        Turns: 783, Time: 00:03:21

HP  -9/24        AC  3     Str  4      XL: 5   Next: 98%
MP   6/14        EV 20     Int 18      God: Vehumet [......]
Gold 0           SH  0     Dex 19      Spells:  4 memorised,  1 level left

rFire  . . .     SeeInvis +     r - +2 cutlass (speed)
rCold  . . .     Clarity  .     b - +1 robe
rNeg   . . .     Conserve .     (shield restricted)
rPois  .         rCorr    .     (helmet restricted)
rElec  .         rRot     .     (no cloak)
SustAb . .       Spirit   .     (gloves unavailable)
rMut   .         Warding  .     (boots unavailable)
Saprov . . .     NoTele   +     (no amulet)
MR     .....                    p - +3 ring of dexterity
                                o - +2 ring of evasion

@: very slightly contaminated, very quick, not resistant to hostile
enchantments, extraordinarily stealthy
A: unfitting armour, see invisible, herbivore 3, speed 3, slow metabolism 2
a: Renounce Religion


You were in the Dungeon.
You worshipped Vehumet.
Vehumet was noncommittal.
You were not hungry.

You visited 1 branch

Inventory:

Hand weapons
 r - a +2,+2 cutlass of speed (weapon)
 s - a +2,+2 halberd of venom
Missiles
 d - 12 darts (quivered)
Armour
 b - a +1 robe (worn)
Magical devices
 n - a wand of fire (7)
Scrolls
 k - 2 scrolls of blinking
 l - 3 scrolls of remove curse
 m - 2 scrolls of amnesia
Jewellery
 o - a +2 ring of evasion (left hand)
 p - a +3 ring of dexterity (right hand)
Potions
 e - a potion of porridge
 f - 5 potions of curing
 g - 3 potions of heal wounds
 h - a potion of speed
 i - 4 potions of magic
 j - a potion of invisibility
Books
 c - a book of Maledictions

   Spells                             Type                      Level
   *Corona                            Hexes                        1
   *Sure Blade                        Hexes/Charms                 2
   *Ensorcelled Hibernation           Hexes/Ice                    2
   *Confuse                           Hexes                        3
   Enslavement                        Hexes                        4
   Invisibility                       Hexes                        6
Magical staves
 w - an uncursed staff of energy


   Skills:
 - Level 1.1 Short Blades
 - Level 1.1 Throwing
 - Level 3.0 Dodging
 - Level 17.7 Stealth
 * Level 2.6 Spellcasting
 + Level 3.6 Hexes


You had one spell level left.
You knew the following spells:

 Your Spells              Type           Power        Failure   Level  Hunger
a - Corona                Hex            ###....      4%          1    #......
b - Ensorcelled Hibernat  Hex/Ice        #.....       14%         2    ##.....
c - Confuse               Hex            ###.....     14%         3    ###....
d - Sure Blade            Hex/Chrm       #.........   14%         2    ##.....


Dungeon Overview and Level Annotations

Branches:
Dungeon (1/1)

Altars:
Ashenzari
Cheibriados
Dithmenos
Elyvilon
Fedhas
Kikubaaqudgha
Makhleb
Nemelex Xobeh
Okawaru
Sif Muna
Trog
Vehumet
Xom
Yredelemnul
Zin
The Shining One


Innate Abilities, Weirdness & Mutations

You are tiny and cannot use many weapons and most armour.
You have supernaturally acute eyesight.
You are a herbivore.
You cover ground extremely quickly.
You need consume almost no food.


Message History

You see here a +0 plate armour.
You see here a +0 helmet.
Casting: Confuse
Confirm with . or Enter, or press ? or * to list all spells.
Aiming: Confuse
Press: ? - help, Shift-Dir - straight line, f/p - hill giant
Aim: a hill giant, wielding a giant club The hill giant easily resists.
You see here a +0 naga barding.
Casting: Confuse
Confirm with . or Enter, or press ? or * to list all spells.
Aiming: Confuse
Press: ? - help, Shift-Dir - straight line, f/p - hill giant
Aim: a hill giant, wielding a giant club The hill giant appears confused.
You hit the hill giant.
The hill giant is lightly wounded.
The hill giant hits you with a giant club!
Ouch! That really hurt!
You die... ▓▓▓▓▓▓▓▓▓▓▓▓▓▓▓▓▓▓▓▓▓▓▓▓▓▓▓▓▓▓ ____________'...@Czgra'......+ ▓▓▓▓▓▓▓▓▓▓▓▓▓▓▓▓▓▓▓▓▓▓▓▓▓▓▓▓▓▓

You could see a hill giant (confused), a worker ant, a rat zombie, a quokka and a hobgoblin.

Vanquished Creatures
  2 ogres (D)
  A centaur (D)
  An adder (D)
  A giant gecko (D)
  A bat (D)
  A goblin (D)
  2 kobolds (D)
  A giant newt (D)
  A hobgoblin zombie (D)
11 creatures vanquished.

Notes
Turn   | Place    | Note
--------------------------------------------------------------
     0 | D        | BluebellGnoll, the Spriggan Enchanter, began the quest for the Orb.
     0 | D        | Reached XP level 1. HP: 9/9 MP: 4/4
    10 | D        | Reached skill level 4 in Stealth
    19 | D        | Reached skill level 5 in Stealth
    23 | D        | Reached skill level 6 in Stealth
   387 | D        | Noticed an ogre
   387 | D        | Noticed an ogre
   387 | D        | Noticed a centaur
   395 | D        | Killed an ogre
   395 | D        | Reached skill level 13 in Stealth
   395 | D        | Reached XP level 2. HP: 13/13 MP: 7/7
   395 | D        | Reached XP level 3. HP: 16/16 MP: 9/9
   395 | D        | Reached XP level 4. HP: 21/21 MP: 12/12
   409 | D        | Learned a level 2 spell: Ensorcelled Hibernation
   413 | D        | Learned a level 3 spell: Confuse
   416 | D        | Learned a level 2 spell: Sure Blade
   444 | D        | Killed an ogre
   444 | D        | Reached skill level 16 in Stealth
   444 | D        | Reached XP level 5. HP: 24/24 MP: 11/14
   457 | D        | Killed a centaur
   457 | D        | Reached skill level 17 in Stealth
   496 | D        | Found a glowing golden altar of the Shining One.
   496 | D        | Found a white marble altar of Elyvilon.
   496 | D        | Found a shadowy altar of Dithmenos.
   496 | D        | Found a sparkling altar of Nemelex Xobeh.
   496 | D        | Found a shimmering altar of Xom.
   496 | D        | Found a deep blue altar of Sif Muna.
   496 | D        | Found a shattered altar of Ashenzari.
   497 | D        | Found an iron altar of Okawaru.
   498 | D        | Found an ancient bone altar of Kikubaaqudgha.
   499 | D        | Found a radiant altar of Vehumet.
   500 | D        | Found a blossoming altar of Fedhas.
   501 | D        | Found a glowing silver altar of Zin.
   502 | D        | Found a burning altar of Makhleb.
   503 | D        | Found a bloodstained altar of Trog.
   504 | D        | Found a basalt altar of Yredelemnul.
   505 | D        | Found a snail-covered altar of Cheibriados.
   506 | D        | Found a shimmering altar of Xom.
   507 | D        | Found an ancient bone altar of Kikubaaqudgha.
   508 | D        | Became a worshipper of Vehumet
   540 | D        | Got the +2,+0 broad axe of Geimu Pitu {elec, rC+}
   769 | D        | Noticed a hill giant
   769 | D        | Noticed a worker ant
   783 | D        | Mangled by a hill giant

Action                   |  1- 3 |  4- 6 || total
-------------------------+-------+-------++-------
Melee: Dagger            |    29 |    10 ||    39
       Cutlass           |       |     2 ||     2
 Cast: Ensorcelled Hiber |       |     1 ||     1
       Confuse           |       |     5 ||     5
  Use: Potion            |     1 |       ||     1
 Stab: Sleeping          |       |     2 ||     2
       Distracted        |       |     1 ||     1
       Confused          |       |     1 ||     1
